 Dungeon Crawl Stone Soup version 0.31.0-32-g396128a36d (webtiles) character file.

Game seed: 1505753317090460143

1691 Gabide the Grave Robber (level 8, -7/53 (63) HPs)
             Began as a Demigod Necromancer on Apr 18, 2024.
             Mangled by a wight
             ... wielding a +0 flail
              (13 damage)
             ... on level 5 of the Dungeon.
             The game lasted 00:15:39 (6007 turns).

Gabide the Grave Robber (Demigod Necromancer)       Turns: 6007, Time: 00:15:40

HP:   -7/53 (63)    AC:  3    Str:  9    XL:     8   Next: 44%
MP:   20/20         EV: 13    Int: 25    God:
Gold: 225           SH:  0    Dex: 14    Spells: 8/19 levels left

rFire   . . .        a - +3 scimitar
rCold   . . .        (no shield)
rNeg    . . .        g - +0 robe
rPois   .            (no helmet)
rElec   .            p - +0 cloak
rCorr   .            (no gloves)
SInv    .            (no boots)
Will    .....        o - amulet of regeneration
Stlth   ++           (no ring)
HPRegen 1.08/turn    (no ring)
MPRegen 0.17/turn

%: no passive effects
@: fugue, heavily drained
A: high MP 1, forlorn, divine attributes
a: no special abilities


You were on level 5 of the Dungeon.
You visited 2 branches of the dungeon, and saw 8 of its levels.

You collected 225 gold pieces.

Inventory:

Hand Weapons
 a - a +3 scimitar (weapon)
 b - a +0 sling
Armour
 g - a +0 robe (worn)
 p - a +0 cloak (worn)
Magical Staves
 j - a staff of cold
 k - a staff of air
Jewellery
 o - an amulet of regeneration (around neck)
Scrolls
 h - a scroll of fear {unknown}
 n - a scroll of blinking {unknown}
 q - a scroll of enchant weapon {unknown}
 r - a scroll of identify
Potions
 c - a potion of lignification
 d - 3 potions of mutation
 e - a potion of curing
 f - a potion of heal wounds {unknown}
 i - a potion of haste {unknown}
 l - a potion of magic
 m - 2 potions of brilliance {unknown}


   Skills:
 - Level 3.0 Fighting
 - Level 3.0 Dodging
 - Level 3.0 Stealth
 - Level 6.0 Spellcasting
 + Level 7.5 Necromancy


You had 8 spell levels left.
You knew the following spells:

 Your Spells              Type           Power      Damage    Failure   Level
a - Necrotise             Necr           100%       1d9       1%          1
b - Vampiric Draining     Necr           45%        2d9       1%          3
c - Animate Dead          Necr           45%        N/A       3%          4
d - Fugue of the Fallen   Necr           45%        N/A       1%          3

Your spell library contained the following spells:

 Spells                   Type           Power      Damage    Failure   Level
 Curse of Agony           Necr           45%        N/A       10%         5
 Anguish                  Hex/Necr       13%        N/A       16%         4
 Dazzling Flash           Conj/Hex       14%        N/A       22%         3
 Mephitic Cloud           Conj/Alch/Air  7%         N/A       22%         3
 Ozocubu's Armour         Ice            7%         N/A       22%         3
 Cause Fear               Hex            3%         N/A       58%         4
 Manifold Assault         Tloc           7%         N/A       58%         4
 Silence                  Hex/Air        3%         N/A       90%         5
 Enfeeble                 Hex            3%         N/A       100%        7


Dungeon Overview and Level Annotations

Branches:
Dungeon (7/15)             Temple (1/1) D:6

Shops:
D:2 [

Annotations:
D:7 Jeremiah


Innate Abilities, Weirdness & Mutations

You have an increased reservoir of magic. (+10% MP)
You shall have no god before yourself.
Your divine heritage dramatically boosts your attributes as you level up.


Message History

You hit the wight.
The wight is heavily damaged.
The wight misses you. The wight hits you with a +0 flail.
You hit the wight but do no damage.
The wight is heavily damaged.
The wight hits you with a +0 flail!
You feel drained.
You closely miss the wight. Your punch misses the wight.
The wight is heavily damaged.
The wight hits you with a +0 flail!
You feel drained. The wight barely misses you.
You barely miss the wight.
The wight is heavily damaged.
The wight hits you with a +0 flail.
You feel drained.
You barely miss the wight.
The wight is heavily damaged.
The wight hits you with a +0 flail!
You feel drained.
Casting: Fugue of the Fallen (safe; 1% risk of failure)
Confirm with . or Enter, or press ? or * to list all spells.
Okay, then.
Unknown command.
You hit the wight.
The wight is almost destroyed.
The wight misses you. The wight hits you with a +0 flail.
You feel drained.
You barely miss the wight.
The wight is almost destroyed.
The wight misses you.
You barely miss the wight.
The wight is almost destroyed.
The wight misses you. The wight hits you with a +0 flail!
* * * LOW HITPOINT WARNING * * *
You barely miss the wight.
The wight is almost destroyed.
The wight hits you with a +0 flail!
* * * LOW HITPOINT WARNING * * *
You feel drained.
* * * LOW HITPOINT WARNING * * *
You closely miss the wight.
The wight is almost destroyed.
The wight hits you with a +0 flail!
You die...

###<#...# #.##.#
#...#†.##
######.##)##########
#.#..###
#..........)........
#....#
###..#..............
#..8..
#..#########.#####
##...## #..# .#
###.# #..# . ##.
#..####.# ## .
#...@z..# .
##..........
###########


You could see a wight.

Vanquished Creatures
  A steam dragon (D:6)
  A water moccasin (D:6)
  An ice beast (D:5)
  A sky beast (D:6)
  A black bear (D:6)
  A centaur (D:7)
  A phantom (D:6)
  A kobold brigand (D:7)
  2 scorpions
  8 wights
  2 hounds (D:5)
  A jelly (D:5)
  Crazy Yiuf (D:7)
  2 iguanas
  An orc wizard (D:5)
  5 adders
  A shadow imp (D:6)
  A white imp (D:5)
  2 dart slugs
  A ribbon worm (D:5)
  7 orcs
  6 bats
  8 endoplasms
  A giant cockroach (D:1)
  7 hobgoblins
  4 jackals (D:1)
  5 kobolds
  4 quokkas
  6 ball pythons
  3 frilled lizards
  5 goblins
  8 rats
99 creatures vanquished.

Vanquished Creatures (collateral kills)
  A scorpion (D:6)
  A jelly (D:5)
  An endoplasm (D:3)
  A giant cockroach (D:1)
4 creatures vanquished.

Vanquished Creatures (others)
  A scorpion zombie (D:6)
  2 orc zombies (D:5)
3 creatures vanquished.

Grand Total: 106 creatures vanquished

Notes
Turn   | Place    | Note
-------+----------+-------------------------------------------
     0 | D:1      | Gabide the Demigod Necromancer began the quest for the Orb.
     0 | D:1      | Reached XP level 1. HP: 14/14 MP: 5/5
   515 | D:1      | Reached XP level 2. HP: 19/22 MP: 1/7
  1531 | D:2      | Found Qugiob's Antique Armour Emporium.
  1619 | D:2      | Reached skill level 1 in Fighting
  1619 | D:2      | Reached XP level 3. HP: 28/28 MP: 4/8
  3722 | D:4      | Reached skill level 4 in Necromancy
  3733 | D:4      | Reached XP level 4. HP: 30/35 MP: 1/10
  3821 | D:4      | You fall into a shaft and drop 3 floors!
  3848 | D:7      | Found a runed translucent door.
  3849 | D:7      | Noticed Crazy Yiuf
  3896 | D:7      | Killed Crazy Yiuf
  3968 | D:7      | Noticed a centaur
  3974 | D:7      | Noticed a kobold brigand
  3990 | D:7      | Killed a kobold brigand
  3991 | D:7      | Reached XP level 5. HP: 30/41 MP: 1/11
  4083 | D:7      | Killed a centaur
  4243 | D:7      | Noticed Jeremiah
  4386 | D:6      | Reached XP level 6. HP: 16/50 MP: 13/13
  4472 | D:6      | Learned a level 3 spell: Vampiric Draining
  4493 | D:6      | Noticed a water moccasin
  4499 | D:6      | Killed a water moccasin
  4538 | D:6      | Reached skill level 5 in Necromancy
  4649 | D:6      | Reached XP level 7. HP: 9/47 MP: 14/16
  4822 | D:6      | Found a staircase to the Ecumenical Temple.
  4922 | Temple   | Entered the Ecumenical Temple
  4991 | D:6      | Noticed a steam dragon
  4996 | D:6      | Killed a steam dragon
  4997 | D:6      | Reached skill level 6 in Necromancy
  5024 | D:6      | Learned a level 4 spell: Animate Dead
  5178 | D:6      | Reached skill level 5 in Spellcasting
  5281 | D:5      | Entered Level 5 of the Dungeon
  5317 | D:5      | Reached XP level 8. HP: 63/63 MP: 12/19
  5844 | D:5      | Reached skill level 7 in Necromancy
  5985 | D:5      | Learned a level 3 spell: Fugue of the Fallen
  6007 | D:5      | Mangled by a wight

Illustrated notes

Levels and vault maps discovered:
D:1:      roderic_lyre, layout_basic
D:2:      wander_river, layout_rooms, serial_shops, shop, serial_corexii_hall,
          corexii_hall_statues_x, corexii_hall_statues_t,
          corexii_hall_statues_x, corexii_hall_statues_x,
          corexii_hall_statues_t, chequers_hall_statues_y, basic_altar,
          minmay_tetromino_t2
D:3:      layout_basic, chequers_temple_overflow_statue_of_worship,
          kennysheep_cross_room, lemuel_flame_loot_1
D:4:      layout_loops_ring, minitemple, serial_forest,
          infiniplex_forest_lined_4_way, infiniplex_forest_straight_4,
          infiniplex_forest_corner_1, infiniplex_forest_straight_3,
          infiniplex_forest_lined_corner, infiniplex_forest_clump_cross
D:5:      lemuel_insect_pit, layout_loops_ring, grunt_ministairs_4
D:6:      nicolae_cairo_tiling_large, layout_loops_ring,
          minmay_temple_entry_glassed_door, dreamdust_princess_bridge
D:7:      layout_basic, kennysheep_boxes, uniq_crazy_yiuf_cottage, uniq_jeremiah
Temple:   nicolae_temple_bog_church

Skill      XL: |  1  2  3  4  5  6  7  8 |
---------------+-------------------------+-----
Stealth        | 2 3 |  3.0
Dodging        | 2 3 |  3.0
Spellcasting   | 2 3 5 6 |  6.0
Fighting       | 1 2 3 |  3.0
Necromancy     | 4 5 6 7 |  7.5

Action                     |  1- 3 |  4- 6 |  7- 9 || total
---------------------------+-------+-------+-------++-------
  Melee: Unarmed           |     6 |       |       ||     6
         Punch             |     1 |     1 |     1 ||     3
         Dagger            |       |    31 |       ||    31
         Falchion          |       |    37 |       ||    37
         Scimitar          |       |       |    67 ||    67
   Cast: Necrotise         |   119 |    21 |    27 ||   167
         Vampiric Draining |       |     2 |    28 ||    30
         Animate Dead      |       |       |     3 ||     3
         Fugue of the Fall |       |       |     1 ||     1
  Evoke: Wand              |       |    18 |       ||    18
    Use: Scroll            |     4 |       |       ||     4
         Potion            |       |     2 |       ||     2
   Stab: Sleeping          |       |       |     2 ||     2
 Armour: Robe              |    19 |    47 |    68 ||   134
         Skin              |       |    31 |       ||    31
  Dodge: Dodged            |    21 |    51 |    63 ||   135
